 Dungeon Crawl Stone Soup version 0.22-a0-305-gd21a89c (webtiles) character file.

82903 SpeedyPerson7 the Severer (level 15, 0/140 HPs)
             Began as a Deep Dwarf Fighter on Mar 30, 2018.
             Was a High Priest of Makhleb.
             Slain by a 16-headed hydra (10 damage)
             ... on level 3 of the Swamp.
             The game lasted 00:21:02 (13494 turns).

SpeedyPerson7 the Severer (Deep Dwarf Fighter)     Turns: 13494, Time: 00:21:03

Health: 0/140      AC: 20    Str: 26    XL:     15   Next: 30%
Magic:  6/6        EV: 13    Int:  9    God:    Makhleb [*****.]
Gold:   984        SH: 13    Dex: 12    Spells: 14/14 levels left

rFire    + . .     SeeInvis .   q - +4 war axe (vamp) {!w}
rCold    . . .     Gourm    .   p - +0 shield
rNeg     + . .     Faith    +   a - +0 swamp dragon scales {rPois}
rPois    +         Spirit   .   S - +1 hat
rElec    .         Reflect  .   u - +2 cloak {+Inv}
rCorr    .         Harm     .   (no gloves)
MR       ++...                  H - +2 pair of boots {Fly}
Stlth    +.........             f - amulet of faith
HPRegen  0.00/turn              A - +1 ring of protection (curse)
MPRegen  0.10/turn              F - ring of protection from fire

@: about to teleport, flying, non-regenerating
A: damage resistance, heal wounds, negative energy resistance 1, sense
surroundings 2, no regeneration
a: Heal Wounds, Minor Destruction, Lesser Servant of Makhleb, Major Destruction,
Greater Servant of Makhleb, Renounce Religion, Evoke Invisibility, Stop Flying


You were on level 3 of the Swamp.
You worshipped Makhleb.
Makhleb was extremely pleased with you.
You were not hungry.

You visited 4 branches of the dungeon, and saw 26 of its levels.

You collected 1164 gold pieces.
You spent 180 gold pieces at shops.

Inventory:

Hand Weapons
 d - a +0 war axe of electrocution
 q - a +4 vampiric war axe (weapon) {!w}
Missiles
 n - a throwing net (quivered) {!f}
Armour
 a - +0 swamp dragon scales (worn) {rPois}
 l - a +0 plate armour
 p - a +0 shield (worn)
 u - a +2 cloak of invisibility (worn)
 H - a +2 pair of boots of flying (worn)
 S - a +1 hat (worn)
Jewellery
 f - an amulet of faith (around neck)
 y - an uncursed amulet of magic regeneration
 A - a cursed +1 ring of protection (left hand)
 C - an uncursed ring of resist corrosion
 D - a +2 ring of intelligence
 F - a ring of protection from fire (right hand)
 M - an uncursed ring of protection from magic
 P - a +3 ring of strength
 T - an uncursed ring of magical power
 Z - an uncursed ring of see invisible
Wands
 g - a wand of polymorph (11)
 O - a wand of iceblast (11)
 Q - a wand of disintegration (21)
 U - a wand of paralysis (32)
 V - a wand of flame (16)
 Y - a wand of enslavement (22)
Scrolls
 b - 8 scrolls of immolation
 i - a scroll of vulnerability {!r}
 j - 2 scrolls of magic mapping
 r - 7 scrolls of remove curse
 s - 2 scrolls of fog
 t - 4 scrolls of teleportation
 v - 3 scrolls of amnesia
 w - a scroll of summoning {unknown}
 x - a scroll of blinking
 z - 3 scrolls of enchant armour
 K - a scroll of torment {unknown}
Potions
 c - 3 potions of curing
 h - 5 potions of heal wounds
 k - a potion of haste {unknown}
 m - 2 potions of invisibility {unknown}
 o - 4 potions of flight
 B - 3 potions of agility
 E - a potion of mutation {!q}
 G - 2 potions of resistance
 J - a potion of degeneration {!q}
 L - 2 potions of ambrosia
 N - 3 potions of brilliance
 R - 3 potions of might
 W - a potion of lignification {unknown}
Comestibles
 e - 30 rations
 I - 2 chunks of flesh


   Skills:
 + Level 10.8 Fighting
 * Level 16.5 Axes
 + Level 12.7 Armour
 + Level 6.3 Dodging
 - Level 11.1 Shields
 * Level 14.7 Invocations


You had 14 spell levels left.
You didn't know any spells.

Dungeon Overview and Level Annotations

Branches:
Dungeon (15/15)            Temple (1/1) D:6            Lair (6/6) D:8
  Swamp (4/4) Lair:2       Spider (0/4) Lair:4        Slime (0/5) Lair:5
    Orc (0/2) D:12         Vaults (0/5) D:14         Depths (0/5) D:15

Altars:
Cheibriados
Dithmenos
Elyvilon
Fedhas
Hepliaklqana
Kikubaaqudgha
Makhleb
Nemelex Xobeh
Okawaru
Qazlal
Sif Muna
Trog
Uskayaw
Vehumet
Xom
Yredelemnul
Zin
The Shining One

Shops:
D:7 }   D:8 (   D:10 *   D:13 }

Annotations:
D:2 1 exclusion
D:10 1 exclusion
Lair:3 exclusion: oklob plant
Swamp:1 exclusion: Roxanne, Roxanne
Swamp:4 Aizul


Innate Abilities, Weirdness & Mutations

You are resistant to damage.
You can heal yourself by infusing magical energy.
You resist negative energy. (rN+)
You passively map the area around you.
You do not regenerate.


Message History

The 20-headed hydra bites your green death!
Your green death dies!
The 20-headed hydra misses you.
The 20-headed hydra bites you but does no damage.
The 20-headed hydra closely misses you.
You block the 20-headed hydra's attack. x3
The 20-headed hydra barely misses you. You block the 16-headed hydra's attack.
The 16-headed hydra barely misses you. You block the 16-headed hydra's attack.
The 16-headed hydra barely misses you. The 16-headed hydra bites you!
* * * LOW HITPOINT WARNING * * *
The 16-headed hydra bites you but does no damage.
The 16-headed hydra bites you!
* * * LOW HITPOINT WARNING * * *
You block the 16-headed hydra's attack. The 16-headed hydra barely misses you.
The 16-headed hydra bites you but does no damage.
You block the 16-headed hydra's attack. The 16-headed hydra bites you!
* * * LOW HITPOINT WARNING * * *
The 16-headed hydra bites you.
The 16-headed hydra bites you but does no damage.
The 16-headed hydra bites you!
You die...

♣♣♣♣♣♣ ♣♣♣...≈♣ ♣♣♣♣......♣
♣♣♣♣♣≈≈.≈≈≈≈≈♣♣♣♣♣ ♣♣♣
...≈§≈≈≈.≈≈≈≈..≈.♣♣♣.♣♣
≈≈≈≈≈≈≈≈≈..≈.≈≈≈≈...≈.♣ ♣♣
≈..≈≈≈≈≈..§..≈≈≈@D....♣♣♣♣.♣♣
≈♣♣..<.≈....≈≈≈≈D.....≈♣..≈.♣
............≈≈≈≈≈.>..≈≈≈.≈.♣
.≈≈≈.≈≈≈≈.♣.≈≈≈≈≈≈......≈..♣♣
≈≈≈..≈≈≈≈.≈.≈≈≈≈≈≈....§≈≈≈.≈♣
≈.♣♣♣≈≈≈.....≈≈≈≈≈≈≈...≈....♣♣
≈♣≈.♣♣≈≈..≈...≈≈≈≈≈.§.≈≈≈≈.≈.♣
≈♣♣♣♣♣>.≈.≈....≈≈..≈.≈.≈≈..≈♣♣
§≈♣ ♣♣.>..≈≈♣♣....≈..≈≈≈.♣♣♣


You could see a 20-headed hydra and a 16-headed hydra.

Vanquished Creatures
  The ghost of Nr616 the Warrior, a journeyman MiBe of Trog (D:12)
  A fire giant (D:15)
  A very ugly thing (Swamp:4)
  4 vault guards (D:14)
  4 hydras
  A centaur warrior (D:14)
  The ghost of RoseArtemis the Cleaver, a novice MiFi of Okawaru (D:10)
  4 alligators
  2 ghost crabs
  13 two-headed ogres
  The ghost of Nib the Cleaver, a novice DsGl of Okawaru (D:7)
  5 death yaks (Lair:4)
  An ogre mage (D:15)
  A fire crab (Lair:1)
  3 unseen horrors
  2 spriggan druids (Swamp:3)
  2 swamp dragons
  2 shambling mangroves
  A wizard (D:14)
  2 orc knights
  Pikel (D:7)
  2 ugly things
  2 manticores (D:13)
  12 elephants
  A cyclops (shapeshifter) (D:14)
  3 black mambas
  8 spiny frogs
  A kobold demonologist (D:12)
  A gargoyle (D:14)
  2 efreet (D:13)
  3 komodo dragons
  6 trolls
  A redback zombie (D:13)
  2 queen bees
  4 meliai
  4 hornets
  2 tyrant leeches (Swamp:3)
  6 blink frogs (Lair:3)
  3 polar bears
  4 bog bodies
  7 hippogriffs
  16 slime creatures
  A meliai zombie (D:14)
  2 redbacks (Lair:4)
  A shadow (D:13)
  2 spriggans (Swamp:3)
  A wyvern (D:10)
  A wraith (D:13)
  26 yaks
  A vampire (D:15)
  3 basilisks
  Eustachio (D:6)
  3 fire elementals (Lair:1)
  2 hungry ghosts
  5 swamp worms
  13 vampire mosquitoes
  2 acid dragons (D:12)
  9 insubstantial wisps
  7 porcupines
  A hell hound (Lair:1)
  5 water moccasins
  Duvessa (D:7)
  8 ice beasts
  2 black bears
  4 orc warriors
  3 sky beasts
  An eye of draining (D:15)
  3 phantoms
  2 swamp drakes
  2 necrophages
  5 ogres
  9 centaurs
  A wolf (Lair:2)
  5 crocodiles
  15 bullfrogs
  2 big kobolds (D:12)
  A wyvern skeleton (D:8)
  3 scorpions
  Dowan (D:7)
  38 killer bees
  11 wights
  2 electric eels (Lair:2)
  A howler monkey (D:4)
  5 crimson imps
  2 bullfrog zombies
  3 centaur zombies
  11 orc priests
  3 jellies
  3 hounds
  3 centaur skeletons
  4 iguanas
  11 orc wizards
  16 worker ants
  A hound zombie (D:7)
  A hound skeleton (D:5)
  2 howler monkey zombies (D:7)
  2 worker ant zombies (D:10)
  4 gnolls (D:5)
  6 adders
  4 shadow imps
  An adder zombie (D:5)
  3 adder skeletons
  A worm (D:3)
  2 dart slugs
  4 leopard geckos
  47 orcs
  A ball python (D:6)
  3 bats
  4 goblins
  5 hobgoblins
  3 jackals (D:4)
  12 kobolds
  5 quokkas
  2 frilled lizards
  2 leopard gecko skeletons (D:4)
  4 rats
  2 plants
531 creatures vanquished.

Vanquished Creatures (collateral kills)
  8 hydras
  A death yak (Lair:4)
  3 spiny frogs
  A komodo dragon (Lair:1)
  A rime drake (Lair:1)
  3 blink frogs (Lair:3)
  A hornet (Swamp:3)
  A bog body (Swamp:4)
  2 hippogriffs
  A redback (Lair:4)
  A spriggan (Swamp:3)
  A wraith (D:13)
  2 vampire mosquitoes (Swamp:3)
  An insubstantial wisp (Swamp:1)
  A swamp worm (Swamp:3)
  A porcupine (Lair:3)
  A swamp drake (Swamp:4)
  A crocodile (Lair:1)
31 creatures vanquished.

Vanquished Creatures (others)
  A spiny frog (Swamp:4)
  A slime creature (Swamp:4)
  A swamp drake (Swamp:4)
  4 fungi
  7 plants
14 creatures vanquished.

Grand Total: 576 creatures vanquished

Notes
Turn   | Place    | Note
-------+----------+-------------------------------------------
     0 | D:1      | SpeedyPerson7 the Deep Dwarf Fighter began the quest for the Orb.
     0 | D:1      | Reached XP level 1. HP: 20/20 MP: 1/1
   152 | D:2      | Reached XP level 2. HP: 24/27 MP: 2/2
   256 | D:3      | Found a glowing golden altar of the Shining One.
   259 | D:3      | Reached XP level 3. HP: 33/34 MP: 3/3
   263 | D:3      | Reached skill level 3 in Axes
   306 | D:3      | Noticed a centaur
   326 | D:3      | Killed a centaur
   326 | D:3      | Reached XP level 4. HP: 32/42 MP: 4/4
   375 | D:4      | Noticed an ogre
   382 | D:4      | Reached skill level 4 in Axes
   382 | D:4      | Reached XP level 5. HP: 23/49 MP: 4/4
   387 | D:4      | Killed an ogre
   391 | D:4      | Reached XP level 6. HP: 21/57 MP: 5/5
   487 | D:4      | Found a glowing silver altar of Zin.
   817 | D:4      | Reached skill level 5 in Axes
  1020 | D:5      | Entered Level 5 of the Dungeon
  1044 | D:5      | Found a deep blue altar of Sif Muna.
  1176 | D:5      | Noticed a sky beast
  1192 | D:5      | Killed a sky beast
  1192 | D:5      | Reached XP level 7. HP: 22/64 MP: 5/5
  1218 | D:5      | Reached skill level 5 in Armour
  1218 | D:5      | Reached skill level 5 in Shields
  1277 | D:5      | Reached skill level 6 in Axes
  1463 | D:5      | Found an iron altar of Okawaru.
  1468 | D:5      | Found a sparkling altar of Nemelex Xobeh.
  1492 | D:6      | Reached XP level 8. HP: 31/73 MP: 5/5
  1537 | D:6      | Reached skill level 7 in Axes
  1573 | D:6      | Reached skill level 5 in Fighting
  1622 | D:6      | Noticed Eustachio
  1655 | D:6      | Killed Eustachio
  1655 | D:6      | Reached skill level 8 in Axes
  1860 | D:6      | Gained mutation: You passively map the area around you. [Deep Dwarf growth]
  1860 | D:6      | Reached XP level 9. HP: 39/81 MP: 5/5
  2056 | D:7      | Noticed Nib's ghost (novice DsGl)
  2071 | D:7      | Reached skill level 9 in Axes
  2081 | D:7      | Killed Nib's ghost
  2381 | D:7      | Noticed Pikel
  2389 | D:7      | Killed Pikel
  2389 | D:7      | Reached skill level 10 in Axes
  2389 | D:7      | Reached XP level 10. HP: 91/92 MP: 6/6
  2450 | D:7      | Found Rajiecwel's Gadget Emporium.
  2618 | D:7      | Found a blossoming altar of Fedhas.
  2734 | D:7      | Noticed Dowan
  2736 | D:7      | Noticed Duvessa
  2740 | D:7      | Killed Dowan
  2747 | D:7      | Killed Duvessa
  2920 | D:6      | Found a staircase to the Ecumenical Temple.
  2988 | Temple   | Entered the Ecumenical Temple
  3235 | D:8      | Found a white marble altar of Elyvilon.
  3365 | D:8      | Noticed a two-headed ogre
  3385 | D:8      | Killed a two-headed ogre
  3537 | D:8      | Found a shimmering altar of Xom.
  3592 | D:8      | Reached skill level 11 in Axes
  3925 | D:8      | Found a staircase to the Lair.
  3931 | D:8      | Found Laemu's Antique Weapon Shop.
  3966 | D:9      | Noticed a two-headed ogre
  3974 | D:9      | Paralysed by a hornet for 1 turns
  3986 | D:9      | Killed a two-headed ogre
  4026 | D:9      | Found a burning altar of Makhleb.
  4026 | D:9      | Found a blossoming altar of Fedhas.
  4047 | D:9      | Became a worshipper of Makhleb the Destroyer
  4180 | D:10     | Entered Level 10 of the Dungeon
  4186 | D:10     | Reached XP level 11. HP: 100/100 MP: 7/7
  4330 | D:10     | Found an iron altar of Okawaru.
  4359 | D:10     | Noticed a two-headed ogre
  4379 | D:10     | Killed a two-headed ogre
  4379 | D:10     | Reached skill level 12 in Axes
  4379 | D:10     | Reached skill level 1 in Invocations
  4401 | D:10     | Killed an unseen horror
  4626 | D:10     | Noticed RoseArtemis's ghost (novice MiFi)
  4627 | D:10     | Found Ethijar's Assorted Antiques.
  4635 | D:10     | Bought a pair of runed boots for 180 gold pieces
  4720 | D:10     | Killed RoseArtemis's ghost
  4802 | D:10     | Reached * piety under Makhleb
  5123 | D:11     | Found a stormy altar of Qazlal.
  5529 | D:11     | Killed an unseen horror
  5561 | D:12     | Reached ** piety under Makhleb
  5593 | D:12     | Reached skill level 5 in Invocations
  5789 | D:12     | Found a staircase to the Orcish Mines.
  5864 | D:12     | Noticed a soul eater
  5963 | D:12     | Reached *** piety under Makhleb
  6073 | D:12     | Noticed a brown ugly thing
  6092 | D:12     | Killed a brown ugly thing
  6260 | D:12     | Noticed Nr616's ghost (journeyman MiBe)
  6413 | Lair:1   | Entered Level 1 of the Lair of Beasts
  6485 | Lair:1   | Found a transporter.
  6523 | Lair:1   | Found a transporter.
  6530 | Lair:1   | Noticed a fire crab
  6559 | Lair:1   | Noticed a five-headed hydra
  6568 | Lair:1   | Killed an eight-headed hydra
  6568 | Lair:1   | Reached skill level 10 in Armour
  6568 | Lair:1   | Reached XP level 12. HP: 97/112 MP: 3/5
  6574 | Lair:1   | Reached skill level 13 in Axes
  6622 | Lair:1   | Reached skill level 10 in Shields
  6686 | Lair:2   | Found a staircase to the Swamp.
  7033 | Lair:2   | Reached **** piety under Makhleb
  7107 | Lair:2   | Noticed Sonja
  7123 | Lair:2   | Noticed Sonja
  7123 | Lair:2   | Sonja changed into Sonja the meliai
  7133 | Lair:2   | Killed Sonja the meliai
  7745 | Lair:3   | Noticed a seven-headed hydra
  7755 | Lair:3   | Killed a 13-headed hydra
  7900 | Lair:3   | Reached skill level 14 in Axes
  7982 | Lair:3   | Noticed an eight-headed hydra
  7993 | Lair:3   | Killed a 13-headed hydra
  8325 | Lair:4   | Noticed a death yak
  8325 | Lair:4   | Noticed a death yak
  8326 | Lair:4   | Noticed a death yak
  8326 | Lair:4   | Noticed a death yak
  8326 | Lair:4   | Noticed a death yak
  8337 | Lair:4   | Noticed a death yak
  8371 | Lair:4   | Killed a death yak
  8371 | Lair:4   | Reached XP level 13. HP: 38/121 MP: 8/8
  8383 | Lair:4   | Reached skill level 10 in Invocations
  8750 | Lair:4   | Found a hole to the Spider Nest.
  9366 | Lair:5   | Found a staircase to the Slime Pits.
  9645 | Lair:5   | Reached skill level 1 in Dodging
  9861 | Lair:6   | Entered Level 6 of the Lair of Beasts
 10122 | D:12     | Killed Nr616's ghost
 10249 | D:13     | Reached ***** piety under Makhleb
 10274 | D:13     | Reached skill level 15 in Axes
 10524 | D:13     | Found Yjuon's Gadget Boutique.
 10874 | D:13     | Gained mutation: You resist negative energy. (rN+) [Deep Dwarf growth]
 10874 | D:13     | Reached XP level 14. HP: 126/130 MP: 8/8
 11064 | D:14     | Reached skill level 10 in Fighting
 11559 | D:14     | Found a gate to the Vaults.
 11730 | D:15     | Entered Level 15 of the Dungeon
 11864 | D:15     | Found a staircase to the Depths.
 11864 | D:15     | Noticed a fire giant
 11875 | D:15     | Killed a fire giant
 12498 | Swamp:1  | Entered Level 1 of the Swamp
 12504 | Swamp:1  | Reached skill level 5 in Dodging
 12558 | Swamp:1  | Reached skill level 16 in Axes
 12627 | Swamp:1  | Noticed Roxanne
 12647 | Swamp:2  | Reached ****** piety under Makhleb
 12961 | Swamp:4  | Entered Level 4 of the Swamp
 12964 | Swamp:4  | Noticed a brown very ugly thing
 13003 | Swamp:4  | Killed a brown very ugly thing
 13003 | Swamp:4  | Reached XP level 15. HP: 140/140 MP: 10/10
 13165 | Swamp:4  | Noticed Aizul
 13494 | Swamp:3  | Slain by a 16-headed hydra

Vault maps used:
D:1:      lightli_arrival_flooded_house
D:2:      lemuel_crystal_altar, chequers_ecumenical_altar_island,
          minmay_goblin_outpost, uniq_crazy_yiuf_cottage
D:3:      overflow_temple_1_default, overflow_temple_1_default,
          lemuel_round_altar, lemuel_round_altar, serial_curves, eino_curves_03,
          eino_curves_01, serial_bayou_pond_c
D:4:      zin_scriptorium
D:5:      grunt_temple_overflow_open, first_ration, kennysheep_generic_room_7
D:6:      temple_statues, uniq_eustachio
D:7:      cheibrodos_helix_gallery, lemuel_doored_altar, serial_shops,
          nicolae_shop_behind_doors, dk_noncrumbling_3, uniq_pikel, uniq_duvessa
D:8:      lemuel_crystal_altar, kennysheep_mini_moat, lair_entry_dummy,
          serial_shops, shop, david_nohive_1
D:9:      lemuel_crystal_altar, basic_altar
D:10:     serial_shops, nicolae_shop_stone, lemuel_centaur_altar
D:11:     nicolae_qazlal_general_emergency
D:12:     hiddenorc1_lemuel
D:13:     serial_shops, shop
D:14:     lightli_vaults_fourway_checkpoint, minivault_23
D:15:     grunt_enter_depths_giant_problem, minmay_tree_intersection
Temple:   dpeg_three_leaves_temple
Lair:1:   gammafunk_cloud_chamber, small_statue_intersection,
          grunt_megastairs_1, infiniplex_staircase_pool_2
Lair:2:   swamp_mist_pool, st_stairs_9, serial_bayou_crossing, uniq_sonja
Lair:3:   dpeg_oklob_gauntlet
Lair:4:   spider_nest_entry_webs
Lair:5:   slime_dummy, special_room, serial_bayou_shore_b
Lair:6:   cheibrodos_lair_end_hotspot, lab_entry_generic, lemuel_fruit_tree,
          lemuel_fruit_fields, uniq_nessos
Swamp:1:  evilmike_swamp_ruin_house_2, swamp_pool1, uniq_roxanne
Swamp:2:  evilmike_swamp_ruin_house_5, uniq_frances
Swamp:3:  evilmike_swamp_ruin_rubble_1, infiniplex_staircase_pool
Swamp:4:  swamp_basic_johnstein, uniq_aizul

Skill      XL: |  1  2  3  4  5  6  7  8  9 10 11 12 13 14 15 |
---------------+----------------------------------------------+-----
Fighting       | 3 4 5 6 7 8 9 10 | 10.8
Axes           | 3 4 5 6 8 10 11 12 14 15 16 | 16.5
Shields        | 4 5 6 7 9 10 11 | 11.1
Armour         | 4 5 6 7 9 10 11 12 | 12.7
Invocations    | 6 9 12 14 | 14.7
Dodging        | 2 5 6 |  6.3

Action                   |  1- 3 |  4- 6 |  7- 9 | 10-12 | 13-15 || total
-------------------------+-------+-------+-------+-------+-------++-------
Melee: War axe           |    76 |   114 |   243 |  1001 |  1135 ||  2569
Invok: Lesser Servant of |       |       |       |     8 |    12 ||    20
       Greater Servant o |       |       |       |       |     5 ||     5
 Abil: Heal Wounds       |     2 |     4 |     9 |    24 |    27 ||    66
Evoke: Wand              |       |       |       |     1 |       ||     1
  Use: Potion            |       |     1 |       |     1 |     3 ||     5
       Scroll            |       |       |       |    22 |    13 ||    35
 Stab: Distracted        |       |       |       |     2 |     6 ||     8
  Eat: Chunk             |       |     1 |     7 |    22 |    13 ||    43
       Ration            |       |       |     2 |       |     3 ||     5
Armor: Scale mail        |    36 |    45 |    39 |       |       ||   120
       Chain mail        |       |       |    59 |   577 |   127 ||   763
       Plate armour      |       |       |       |       |   696 ||   696
       Swamp dragon scal |       |       |       |       |   182 ||   182
Dodge: Dodged            |    31 |    36 |    71 |   311 |   579 ||  1028
Block: Shield            |    41 |    67 |   126 |   684 |   898 ||  1816

Table legend:
 A = Spawn XP
 B = Non-spawn XP
 C = Spawn XP percentage of total XP
 D = Spawn monster count
 E = Non-spawn monster count
 F = Spawn count percentage of total count
 G = Total turns spent on level
                    A         B        C        D         E        F      G
               +---------+---------+-------+---------+---------+-------+---------
         Total |       0 |  118433 |   0.0 |       0 |     562 |   0.0 | 13494
               +---------+---------+-------+---------+---------+-------+---------
           D:1 |       0 |       6 |   0.0 |       0 |       4 |   0.0 |   146
           D:2 |       0 |      33 |   0.0 |       0 |      11 |   0.0 |   110
           D:3 |       0 |     150 |   0.0 |       0 |      12 |   0.0 |   111
           D:4 |       0 |     389 |   0.0 |       0 |      23 |   0.0 |   653
           D:5 |       0 |     673 |   0.0 |       0 |      16 |   0.0 |   451
           D:6 |       0 |    1900 |   0.0 |       0 |      32 |   0.0 |   598
           D:7 |       0 |    2707 |   0.0 |       0 |      29 |   0.0 |   953
           D:8 |       0 |    2876 |   0.0 |       0 |      34 |   0.0 |   943
           D:9 |       0 |    2203 |   0.0 |       0 |      15 |   0.0 |   281
          D:10 |       0 |    3926 |   0.0 |       0 |      19 |   0.0 |  1041
          D:11 |       0 |    2418 |   0.0 |       0 |      19 |   0.0 |   555
          D:12 |       0 |    5112 |   0.0 |       0 |      43 |   0.0 |   812
          D:13 |       0 |    8750 |   0.0 |       0 |      28 |   0.0 |   894
          D:14 |       0 |   12291 |   0.0 |       0 |      33 |   0.0 |   741
          D:15 |       0 |   11659 |   0.0 |       0 |      28 |   0.0 |   435
        Lair:1 |       0 |    4912 |   0.0 |       0 |      17 |   0.0 |   451
        Lair:2 |       0 |    9301 |   0.0 |       0 |      38 |   0.0 |   958
        Lair:3 |       0 |    4610 |   0.0 |       0 |      17 |   0.0 |   715
        Lair:4 |       0 |   12234 |   0.0 |       0 |      27 |   0.0 |   969
        Lair:5 |       0 |    3908 |   0.0 |       0 |      35 |   0.0 |   595
       Swamp:1 |       0 |    2952 |   0.0 |       0 |       9 |   0.0 |   134
       Swamp:2 |       0 |    1968 |   0.0 |       0 |       6 |   0.0 |   181
       Swamp:3 |       0 |   14003 |   0.0 |       0 |      41 |   0.0 |   472
       Swamp:4 |       0 |    9452 |   0.0 |       0 |      26 |   0.0 |   209
               +---------+---------+-------+---------+---------+-------+---------
